 Dungeon Crawl Stone Soup version 0.31-a0-632-g766dd24fdf (webtiles) character file.

Game seed: 16493140195942515860

240 Shayle the Trooper (level 6, 0/63 HPs)
             Began as an Ogre Shapeshifter on Aug 25, 2023.
             Succumbed to a water moccasin's poison
             ... on level 5 of the Dungeon.
             The game lasted 00:06:15 (3201 turns).

Shayle the Trooper (Ogre Shapeshifter)              Turns: 3201, Time: 00:06:16

Health: 0/63       AC:  3    Str: 20    XL:     6   Next: 8%
Magic:  9/11       EV:  9    Int: 11    God:
Gold:   167        SH:  0    Dex:  9    Spells: 11/11 levels left

rFire   . .          .
                       - Unarmed
rCold   . . .        (no shield)
rNeg    . . .        a - +0 animal skin
rPois   .            (helmet currently unavailable)
rElec   .            (cloak currently unavailable)
rCorr   .            (gloves unavailable)
SInv    .            (boots unavailable)
Will    .....        (no amulet)
Stlth   +            (no ring)
HPRegen 0.30/turn    (no ring)
MPRegen 0.12/turn

%: no passive effects
@: brilliant, lethally poisoned (0 -> -6), beast-form
A: beast (slay +1), large, unfitting armour, tough skin 1
a: Begin Untransformation


You were on level 5 of the Dungeon.
You were a hulking beast.
You visited 1 branch of the dungeon, and saw 5 of its levels.

You collected 167 gold pieces.

Inventory:

Armour
 a - a +0 animal skin (worn)
Talismans
 c - a beast talisman (active)
 d - a flux talisman
Scrolls
 i - a scroll of amnesia {unknown}
 k - a scroll of enchant weapon {unknown}
 l - a scroll of fear {unknown}
 m - 3 scrolls of teleportation {unknown}
 o - a scroll of identify {unknown}
Potions
 b - a potion of lignification
 e - a potion of brilliance
 f - a potion of cancellation
 g - a potion of might {unknown}
 h - 2 potions of mutation {unknown}
 j - a potion of berserk rage {unknown}
 n - a potion of invisibility {unknown}


   Skills:
 + Level 4.6 Fighting
 - Level 1.7 Dodging
 + Level 4.0 Unarmed Combat
 + Level 3.3 Spellcasting
 - Level 3.0 Shapeshifting


You had 11 spell levels left.
You didn't know any spells.
Your spell library contained the following spells:

 Spells                   Type           Power      Damage    Failure   Level
 Freeze                   Ice            8%         1d3       26%         1
 Ensorcelled Hibernation  Hex/Ice        4%         N/A       36%         2
 Sublimation of Blood     Necr           2%         N/A       36%         2
 Wereblood                Tmut           2%         N/A       36%         2
 Frozen Ramparts          Ice            4%         1d1       58%         3
 Hailstorm                Conj/Ice       2%         3d3       58%         3
 Anguish                  Hex/Necr       1%         N/A       94%         4
 Summon Hydra             Summ           1%         N/A       100%        7


Dungeon Overview and Level Annotations

Branches:
Dungeon (5/15)
 Temple: D:4-7

Altars:
Elyvilon
Yredelemnul

Shops:
D:2 [


Innate Abilities, Weirdness & Mutations

You are a hulking beast.
Your limbs bulge with bestial killing power. (Slay +1)
You are too large for most types of armour.
You have tough skin. (AC +1)


Message History

The water moccasin is heavily wounded.
The water moccasin bites you but does no damage. x2
You closely miss the water moccasin.
The water moccasin is heavily wounded.
The water moccasin bites you.
* * * LOW HITPOINT WARNING * * *
You are poisoned.
The water moccasin poisons you!
You closely miss the water moccasin.
The water moccasin is heavily wounded.
* * * LOW HITPOINT WARNING * * *
You feel very sick.
The water moccasin bites you but does no damage.
You smack the water moccasin!
The water moccasin is almost dead.
* * * LOW HITPOINT WARNING * * *
You feel very sick. The water moccasin bites you.
* * * LOW HITPOINT WARNING * * *
You hit the water moccasin.
You kill the water moccasin!
* * * LOW HITPOINT WARNING * * *
You feel very sick.
Your Fighting skill increases to level 4!
Your Unarmed Combat skill increases to level 4!
Your Spellcasting skill increases to level 3!
You have reached level 6!
You feel stronger.
It was a potion of cancellation.
Your magical effects are unravelling.
You feel magically purged.
You feel less wooden.
Your +0 animal skin unmelds from your body.
You turn into a hulking beast.
* * * LOW HITPOINT WARNING * * *
You feel sick. The adder barely misses you.
The adder bites you but does no damage.
It was a potion of brilliance.
You feel clever all of a sudden.
You die...

#### ..# #
.
###.#>#....
+hS<.......
#######.###


You could see an adder.

Vanquished Creatures
  A water moccasin (D:5)
  Robin (D:3)
  5 adders
  A shadow imp (D:3)
  2 worms
  A dart slug (D:3)
  An orc (D:3)
  4 ball pythons
  6 bats
  3 endoplasms (D:1)
  3 giant cockroaches
  15 goblins
  9 hobgoblins
  4 quokkas
  2 frilled lizards
  6 kobolds
  3 rats
67 creatures vanquished.

Notes
Turn   | Place    | Note
-------+----------+-------------------------------------------
     0 | D:1      | Shayle the Ogre Shapeshifter began the quest for the Orb.
     0 | D:1      | Reached XP level 1. HP: 19/19 MP: 1/1
   168 | D:1      | Reached XP level 2. HP: 23/28 MP: 1/3
   228 | D:1      | Reached skill level 1 in Spellcasting
   807 | D:1      | Reached XP level 3. HP: 26/36 MP: 5/5
   963 | D:2      | Found Qudgham's Antique Armour Boutique.
  1115 | D:2      | Found a faded altar of an unknown god.
  1204 | D:2      | Reached XP level 4. HP: 33/45 MP: 5/7
  2238 | D:3      | Found a basalt altar of Yredelemnul.
  2307 | D:3      | Found a white marble altar of Elyvilon.
  2665 | D:3      | Reached XP level 5. HP: 51/54 MP: 8/8
  2773 | D:3      | Noticed Robin
  2804 | D:3      | HP: 1/54 [Robin/+0 whip of electrocution (14)]
  2811 | D:3      | Killed Robin
  3181 | D:5      | Entered Level 5 of the Dungeon
  3181 | D:5      | Noticed a water moccasin
  3199 | D:5      | Killed a water moccasin
  3199 | D:5      | HP: 3/81 [poisoned by a water moccasin]
  3200 | D:5      | Reached XP level 6. HP: 4/63 MP: 9/11
  3200 | D:5      | HP: 1/63 [poisoned by a water moccasin]
  3201 | D:5      | Succumbed to a water moccasin's poison

Illustrated notes

Levels and vault maps discovered:
D:1:      spicycebolla_green_bress_n_ham_2, layout_basic,
          kennysheep_decorative_pillar, minmay_misc_feat_ornament
D:2:      layout_basic, hellmonk_ecumenical_altar_lost_god, serial_forest,
          infiniplex_forest_clump_medium, infiniplex_forest_end_2,
          infiniplex_forest_lined_corner, infiniplex_forest_clump_curved,
          infiniplex_forest_lined_3_way, serial_shops, shop,
          amcnicky_mini_rare_corridor_liquid
D:3:      layout_loops_ring, kennysheep_ying_yang, reono_crystal_passage,
          minivault_25, minmay_fractal_squares_5, uniq_robin
D:4:      layout_rooms, serial_shops, nicolae_shop_industrial_runoff,
          kennysheep_generic_room_4
D:5:      layout_basic, mainiacjoe_overflow_tiny_flanked

Skill      XL: |  1  2  3  4  5 |
---------------+----------------+-----
Fighting       | 2 3 4 |  4.6
Spellcasting   | 1 2 3 |  3.3
Unarmed Combat | 3 4 |  4.0
Dodging        | |  1.7
Shapeshifting  | |  3.0

Action                     |  1- 3 |  4- 6 || total
---------------------------+-------+-------++-------
  Melee: Unarmed           |    93 |   138 ||   231
         Punch             |     3 |     5 ||     8
    Use: Potion            |       |     7 ||     7
 Armour: Animal skin       |    21 |    29 ||    50
         Skin              |       |    15 ||    15
  Dodge: Dodged            |    38 |    57 ||    95

Table legend: (Time is in decaauts)
 A = Elapsed time spent in this place.
 B = Non-inter-level travel time spent in this place.
 C = Inter-level travel time spent in this place.
 D = Time resting spent in this place.
 E = Time spent auto-exploring this place.
 F = Levels seen in this place.
 G = Mean time per level.
                   A        B        C        D        E       F      G
               +--------+--------+--------+--------+--------+-----+--------+
         Total |   3187 |   3140 |     47 |    171 |   2396 |   5 |  637.4 |
       Dungeon |   3187 |   3140 |     47 |    171 |   2396 |   5 |  637.4 |
               +--------+--------+--------+--------+--------+-----+--------+

Top non-repeatable levels by time:
     D:3: 1210 daAuts
     D:2: 1020 daAuts
     D:1: 872 daAuts
     D:4: 66 daAuts
     D:5: 17 daAuts
